 Dungeon Crawl Stone Soup version 0.23-a0-461-gff60f6859b (webtiles) character file.

183 Leibowitz the Cutter (level 5, 0/31 HPs)
             Began as a Kobold Gladiator on Nov 26, 2018.
             Killed by divine providence
             ... invoked by an orc priest
              (13 damage)
             ... on level 3 of the Dungeon.
             The game lasted 00:05:32 (2091 turns).

Leibowitz the Cutter (Kobold Gladiator)             Turns: 2091, Time: 00:05:32

Health: 0/31       AC:  4    Str: 12    XL:     5   Next: 94%
Magic:  5/5        EV: 16    Int:  9    God:
Gold:   76         SH:  5    Dex: 17    Spells: 4/4 levels left

rFire    . . .     SeeInvis .   a - +0 rapier
rCold    . . .     Gourm    .   e - +0 buckler
rNeg     . . .     Faith    .   b - +0 leather armour
rPois    .         Spirit   .   c - +0 helmet
rElec    .         Reflect  .   (no cloak)
rCorr    .         Harm     .   (no gloves)
MR       .....                  (no boots)
Stlth    ++........             (no amulet)
HPRegen  0.10/turn              (no ring)
MPRegen  0.09/turn              (no ring)

@: no status effects
A: small, carnivore
a: no special abilities


You were on level 3 of the Dungeon.
You were completely stuffed.

You visited 1 branch of the dungeon, and saw 3 of its levels.

You collected 76 gold pieces.

Inventory:

Hand Weapons
 a - a +0 rapier (weapon)
Missiles
 d - 2 throwing nets (quivered)
 m - 2 needles of paralysis
Armour
 b - a +0 leather armour (worn)
 c - a +0 helmet (worn)
 e - a +0 buckler (worn)
Scrolls
 g - a scroll of identify {unknown}
 h - a scroll of remove curse
 i - 3 scrolls of noise {unknown}
 k - a scroll of random uselessness {unknown}
 q - a scroll of teleportation {unknown}
Potions
 j - a potion of agility {unknown}
 l - a potion of flight {unknown}
 n - a potion of degeneration {unknown}
 o - 2 potions of haste
Comestibles
 f - 3 rations
 p - 4 chunks of flesh


   Skills:
 + Level 2.6 Fighting
 + Level 5.3 Short Blades
 - Level 2.1 Throwing
 * Level 1.4 Armour
 * Level 4.8 Dodging
 * Level 2.7 Stealth
 * Level 1.1 Shields


You had 4 spell levels left.
You didn't know any spells.
Your spell library was empty.

Dungeon Overview and Level Annotations

Branches:
Dungeon (3/15)

Altars:
Dithmenos
Vehumet


Innate Abilities, Weirdness & Mutations

You are small and have problems with some larger weapons.
You are carnivorous and can eat meat at any time.


Message History

You hit the orc.
The orc is almost dead.
The orc hits you with a +0 falchion! The orc priest closely misses you.
You hit the orc.
You kill the orc!
The orc misses you.
You closely miss the orc. The orc priest closely misses you.
The orc completely misses you. The frilled lizard bites you.
You barely miss the orc.
The orc priest hits you from afar with a +0 trident!
The orc hits you but does no damage.
The frilled lizard bites you but does no damage.
You barely miss the orc. The orc priest closely misses you.
The orc closely misses you.
The frilled lizard bites you but does no damage.
You puncture the frilled lizard!
You kill the frilled lizard!
The orc priest invokes the aid of Beogh against you.
Beogh smites you!
You die...

#...######..###.#
###.##.........##.##
.....<....#[..).... #.
.####.##.#.#.......#.# .g
.............#....###. #.
####.#.######...## ## ..
#.......)..>#.###. #.
#o#.#######.##.#.# #. #@#.#
#.# #..#
##.###.######)#.#######.###..#
.o....olo.o.o.......<........#
..o############.########.###.#
#.# #.# #.# #.# #.# #.#
#.########.###.#
#.....<.....##.# ##########..#
.#


You could see an orc priest and an orc.

Vanquished Creatures
  Jessica (D:2)
  Natasha (thrice) (D:2)
  An adder (D:2)
  An ooze (D:1)
  2 worms (D:2)
  2 dart slugs (D:1)
  A leopard gecko (D:2)
  2 orcs (D:3)
  3 ball pythons
  4 bats
  4 giant cockroaches
  5 goblins
  8 hobgoblins
  3 jackals (D:2)
  6 kobolds
  A quokka (D:2)
  3 frilled lizards
  5 rats (D:2)
55 creatures vanquished.

Notes
Turn   | Place    | Note
-------+----------+-------------------------------------------
     0 | D:1      | Leibowitz the Kobold Gladiator began the quest for the Orb.
     0 | D:1      | Reached XP level 1. HP: 12/12 MP: 1/1
    20 | D:1      | Reached XP level 2. HP: 17/17 MP: 2/2
    64 | D:1      | Reached skill level 1 in Stealth
   137 | D:1      | Reached XP level 3. HP: 19/21 MP: 3/3
   535 | D:2      | Noticed Jessica
   574 | D:2      | Killed Jessica
   574 | D:2      | Reached XP level 4. HP: 9/27 MP: 4/4
   799 | D:2      | Found a radiant altar of Vehumet.
   883 | D:2      | Noticed Natasha
   897 | D:2      | Killed Natasha
   897 | D:2      | Reached skill level 5 in Short Blades
   897 | D:2      | Reached skill level 1 in Armour
   897 | D:2      | Reached XP level 5. HP: 14/31 MP: 5/5
  1624 | D:2      | Found a shadowy altar of Dithmenos.
  1689 | D:2      | Noticed Natasha
  1707 | D:2      | Killed Natasha
  1835 | D:2      | Reached skill level 1 in Shields
  1917 | D:2      | Noticed Natasha
  1931 | D:2      | Killed Natasha
  2091 | D:3      | Killed from afar by an orc priest

Vault maps used:
D:1:      dpeg_arrival_shelter
D:2:      nicolae_overflow_hidden_temple, grunt_dithmenos_smoke,
          minmay_heptomino_l4, uniq_natasha, uniq_jessica
D:3:      yredelemnul_forgotten_temple_becter, old_standard_altar

Skill      XL: |  1  2  3  4  5 |
---------------+----------------+-----
Dodging        | 4 |  4.8
Stealth        | 1 2 |  2.7
Short Blades   | 5 |  5.3
Armour         | 1 |  1.4
Shields        | 1 |  1.1
Fighting       | |  2.6
Throwing       | |  2.1

Action                   |  1- 3 |  4- 6 || total
-------------------------+-------+-------++-------
Melee: Rapier            |    92 |   124 ||   216
Throw: Throwing net      |     3 |       ||     3
  Use: Scroll            |     1 |       ||     1
       Potion            |     1 |       ||     1
 Stab: Sleeping          |     1 |     1 ||     2
  Eat: Chunk             |     7 |     5 ||    12
Armor: Leather armour    |    24 |    13 ||    37
Dodge: Dodged            |    70 |    80 ||   150
Block: Buckler           |    18 |    24 ||    42

Table legend:
 A = Non-vault XP
 B = Vault XP
 C = Vault XP percentage of total XP
 D = Non-vault monster count
 E = Vault monster count
 F = Vault count percentage of total count
                 A         B        C        D         E       F
            +---------+---------+-------+---------+---------+-------
      Total |     174 |      88 |  33.6 |      50 |       5 |   9.1
            +---------+---------+-------+---------+---------+-------
        D:1 |      50 |       0 |   0.0 |      22 |       0 |   0.0
        D:2 |     115 |      88 |  43.3 |      24 |       5 |  17.2
        D:3 |       9 |       0 |   0.0 |       4 |       0 |   0.0
            +---------+---------+-------+---------+---------+-------
